 Dungeon Crawl Stone Soup version 0.19.0-22-gd96e5fe (webtiles) character file.

130 mmcf the Magician (level 4, -1/24 HPs)
             Began as a Deep Elf Fire Elementalist on Nov 19, 2016.
             Slain by a goblin (2 damage)
             ... on level 3 of the Dungeon.
             The game lasted 00:08:14 (2614 turns).

mmcf the Magician (Deep Elf Fire Elementalist)      Turns: 2614, Time: 00:08:15

Health: -1/24      AC:  2    Str:  5    XL:     4   Next: 90%
Magic:  0/12       EV: 13    Int: 21    God:
Gold:   181        SH:  0    Dex: 15    Spells: 3 memorised, 4 levels left

rFire  . . .     SeeInvis .     a - +0 dagger
rCold  . . .     Gourm    .     d - +0 robe
rNeg   . . .     Faith    .     (no shield)
rPois  .         Spirit   .     (no helmet)
rElec  .         Reflect  .     (no cloak)
rCorr  .         Harm     .     (no gloves)
MR     .....                    (no boots)
Stlth  ++........               (no amulet)
                                (no ring)
                                (no ring)

@: no status effects
A: no striking features
a: no special abilities


You were on level 3 of the Dungeon.
You were not hungry.

You visited 1 branch of the dungeon, and saw 3 of its levels.

You collected 181 gold pieces.

Inventory:

Hand Weapons
 a - a +0 dagger (weapon)
 b - a +0 hunting sling
 s - a +0 short sword
Missiles
 m - 55 stones (quivered)
 o - 13 poisoned needles
Armour
 d - a +0 robe (worn)
 p - a cursed +0 leather armour
Jewellery
 j - an uncursed ring of ice
 k - an uncursed ring of teleportation
Scrolls
 g - 2 scrolls of teleportation
 l - 3 scrolls of remove curse
 q - a scroll of identify
 u - a scroll of blinking {unknown}
Potions
 e - 5 potions of curing
 n - 2 potions of mutation
 r - a potion of flight
Books
 f - a book of Flames

   Spells                             Type                      Level
   a - Flame Tongue                   Conjuration/Fire             1
   b - Throw Flame                    Conjuration/Fire             2
   c - Conjure Flame                  Conjuration/Fire             3
   d - Inner Flame                    Hexes/Fire                   3
   e - Sticky Flame                   Conjuration/Fire             4
   f - Fireball                       Conjuration/Fire             5
Comestibles
 c - 2 bread rations
 i - 3 beef jerkies
 t - 6 chunks of flesh
 v - a fruit


   Skills:
 - Level 2.4 Dodging
 - Level 2.4 Stealth
 + Level 4.6 Spellcasting
 + Level 3.1 Conjurations
 + Level 4.4 Fire Magic


You had 4 spell levels left.
You knew the following spells:

 Your Spells              Type           Power        Failure   Level  Hunger
a - Flame Tongue          Conj/Fire      ###..        2%          1    None
b - Conjure Flame         Conj/Fire      ###.....     10%         3    ##.....
c - Sticky Flame          Conj/Fire      ###.....     28%         4    ####...


Dungeon Overview and Level Annotations

Branches:
Dungeon (3/15)

Altars:


Message History

Your magical contamination has completely faded away.
The goblin unwields an uncursed hunting sling.
The goblin hits you.
You see here 9 stones.
You hit the goblin.
The goblin is severely wounded.
The jackal barely misses you. The goblin hits you but does no damage.
You closely miss the goblin.
The goblin is severely wounded.
The jackal bites you.
* * * LOW HITPOINT WARNING * * *
The goblin hits you.
* * * LOW HITPOINT WARNING * * *
The jackal bites you.
* * * LOW HITPOINT WARNING * * *
As you read the scroll labeled COAMMA DOUPSIK, it crumbles to dust.
It is a scroll of recharging.
You aren't carrying any rechargeable items.
The jackal closely misses you. The goblin hits you.
You die...

#.# ##.##
#...# #... ...
#>#
##.###.######
#..(..gohh@.#
........####g#
.#..##### .#
#o .# .# .# .#
.#


You could see a gnoll, an orc, 2 jackals and a goblin.

Vanquished Creatures
  2 gnolls (D:3)
  3 adders (D:2)
  An ooze (D:1)
  A worm (D:2)
  2 dart slugs (D:3)
  2 leopard geckos
  2 orcs (D:3)
  A ball python (D:2)
  2 giant cockroaches (D:1)
  5 goblins
  11 hobgoblins
  4 jackals
  8 kobolds
  A quokka (D:2)
  9 bats
  4 frilled lizards
  8 rats
66 creatures vanquished.

Notes
Turn   | Place    | Note
-------+----------+-------------------------------------------
     0 | D:1      | mmcf the Deep Elf Fire Elementalist began the quest for the Orb.
     0 | D:1      | Reached XP level 1. HP: 10/10 MP: 6/6
   122 | D:1      | Reached XP level 2. HP: 15/15 MP: 6/8
   652 | D:1      | Reached XP level 3. HP: 10/19 MP: 8/10
  1251 | D:1      | Learned a level 3 spell: Conjure Flame
  1774 | D:2      | Reached XP level 4. HP: 18/24 MP: 0/12
  2217 | D:2      | Learned a level 4 spell: Sticky Flame
  2613 | D:3      | HP: 1/24 [jackal (2)]
  2614 | D:3      | Slain by a goblin

Skill      XL: |  1  2  3  4 |
---------------+-------------+-----
Conjurations   | 2 3 |  3.1
Spellcasting   | 4 |  4.6
Fire Magic     | 4 |  4.4
Dodging        | |  2.4
Stealth        | |  2.4

Action                   |  1- 3 |  4- 6 || total
-------------------------+-------+-------++-------
Melee: Dagger            |    14 |    21 ||    35
 Fire: Hunting sling     |     4 |     6 ||    10
 Cast: Flame Tongue      |    75 |    34 ||   109
       Conjure Flame     |     1 |     1 ||     2
  Use: Scroll            |     1 |     4 ||     5
 Stab: Sleeping          |       |     1 ||     1
  Eat: Chunk             |     2 |     3 ||     5
Armor: Robe              |     7 |     8 ||    15
Dodge: Dodged            |    37 |    24 ||    61
